Unix NetHack Version 5.0.0-0 post-release - last build Jun 10 2026 00:39:30 (3ee93aec679c4c4259841fe613dc97188e26a321,branch:main).

Game began 2026-06-17 22:14:09, ended 2026-06-22 22:46:56.

IceCreamJones, neutral female human Tourist

                #
               -|---
               |...|
              #-.}.|                         --------
            ###|...-#           #############-.......#######
 ---------  #  -----################         |......|      #
 |...*..[-###########              ##########.......|      ###
 |.....1.|#                                  -|------        ##
 |........#                                   #               ##------------
 -------|-                                                     #|..........|
        #     #############                                    #|..........|
        #              ---|---               ------            #...........|
        e             *-......###############-.!.?|             ------------
       @#             #|.....|               |.!*.|
    ##u#           ####|..*..|               |[!?)|
   -.---           #   |...(>|               ------
   |..`|         ###   |.....|
   |._.|         #     -------
   |(<..##########
   -----

IceCreamJones the Peregrinatrix  St:15 Dx:15 Co:18 In:11 Wi:10 Ch:17  Neutral
Dlvl:3  $:0  HP:0(93) Pw:34(34) AC:-5 Xp:10 T:17539 

Latest messages:
 The pony kicks!
 The pony bites!
 The pony kicks!
 The pony just misses!
 The pony misses!
 The pony bites!
 The pony kicks!
 The pony bites!
 The pony kicks!
 The pony bites!
 The pony misses!
 The pony misses!
 The pony misses!
 The pony bites!
 The pony kicks!
 The pony bites!
 The pony kicks!
 The pony bites!
 The pony kicks!
 The pony bites!
 The pony kicks!
 The pony bites!
 The pony misses!
 The pony bites!
 The pony kicks!
 The pony bites!
 The pony kicks!
 The pony misses!
 The pony misses!
 The pony bites!
 The pony kicks!
 The pony bites!
 The pony kicks!
 The pony bites!
 The pony kicks!
 The pony bites!
 The pony kicks!
 The pony misses!
 The pony kicks!
 The pony bites!
 The pony kicks!
 The pony bites!
 The pony kicks!
 The pony bites!
 You die...
 Do you want your possessions identified? [ynq] (y)
 Do you want to see your attributes? [ynq] (y)
 Do you want an account of creatures vanquished? [ynaq] (y)
 Do you want to see your conduct and achievements? [ynq] (y)
 Do you want to see the dungeon overview? [ynq] (y)

Inventory:
 Weapons  (')')
  q - 6 +2 darts
  C - 23 +0 darts
  K - 2 blessed poisoned +0 darts (at the ready)
  D - 6 +0 daggers
  W - a blessed +1 elven dagger
  d - 2 +0 elven daggers
  Z - a +0 orcish dagger
  t - a +0 aklys
  c - a +0 elven broadsword
  a - the rustproof +1 Vorpal Blade (weapon in right hand)
 Armor    ('[')
  X - a blessed +2 dwarvish iron helm (being worn)
  j - an uncursed +0 pair of leather gloves (being worn)
  n - an uncursed +1 pair of speed boots (being worn)
  m - an uncursed burnt +0 cloak of displacement (being worn)
  N - an uncursed +0 elven mithril-coat (being worn)
 Comestibles  ('%')
  S - an uncursed food ration
  Y - an uncursed orange
  U - an uncursed lizard corpse
 Rings    ('=')
  Q - an uncursed ring of warning (on right hand)
 Wands    ('/')
  v - a wand of digging (0:2)
  p - a wand of magic missile (0:4)
  L - a wand of make invisible (0:5)
  T - a wand of stasis (0:6)
  I - a wand of striking (0:1)
  V - a wand of teleportation (0:4)
 Tools    ('(')
  b - a blessed bag of holding containing 31 items
  B - an empty uncursed bag of holding
  h - a blessed brass lantern
  k - an expensive camera (0:56)
  r - an uncursed skeleton key
  w - an uncursed tin whistle
  u - a +0 unicorn horn

Contents of the bag of holding:
  191 gold pieces
  an uncursed C-ration
  an uncursed cram ration
  3 uncursed food rations
  an uncursed lembas wafer
  3 uncursed tripe rations
  3 uncursed lizard corpses
  an uncursed scroll of fire
  an uncursed scroll of identify
  an uncursed potion of object detection
  2 potions of holy water
  an uncursed potion of water
  2 uncursed potions of extra healing
  an uncursed potion of healing
  an uncursed ring of polymorph control
  an uncursed ring of slow digestion
  an uncursed ring of slow digestion
  an uncursed +1 ring of adornment
  an uncursed +2 ring of increase damage
  an uncursed ring of searching
  an uncursed ring of shock resistance
  a wand of speed monster (0:8)
  a wand of fire named spent (0:0)
  a wand of light (0:11)
  a wand of stasis (0:2)
  a wand of striking (0:0)
  an uncursed oil lamp
  a cursed oil lamp
  an uncursed leash
  a +0 pick-axe
  a +0 unicorn horn

IceCreamJones the Tourist's attributes:

Background:
 You were a Peregrinatrix, a level 10 female human Tourist.
 You were neutral, on a mission for The Lady
 who was opposed by Blind Io (lawful) and Offler (chaotic).
 You were right-handed.
 You were in the Dungeons of Doom, on level 3.
 You entered the dungeon 17539 turns ago.
 It was nighttime.
 You had 8415 experience points, 1585 more were needed to attain level 11.

Basics:
 You had 0 out of 93 hit points.
 You had all 34 energy points (spell power).
 Your armor class was -5.
 Your wallet was empty, but
 you had 191 zorkmids stashed away in your pack.
 Autopickup was off.

Final Characteristics:
 Your strength was 15 (limit:18/100).
 Your dexterity was 15 (limit:18).
 Your constitution was 18 (limit:18).
 Your intelligence was 11 (limit:18).
 Your wisdom was 10 (limit:18).
 Your charisma was 17 (limit:18).

Final Status:
 You weren't hungry.
 You were unencumbered.
 You were wielding a long sword.
 You had basic skill with long sword.

Final Attributes:
 You were piously aligned.
 You were fire resistant.
 You were cold resistant.
 You were sleep resistant.
 You were poison resistant.
 You were telepathic.
 You were warned.
 You had automatic searching.
 You were displaced.
 You had a small defense bonus (+3).
 You were guarded.
 Your spell casting was impaired by metallic armor.
 You were very fast.
 You are dead.

Miscellaneous:
 You didn't encounter any bones levels.
 Total elapsed playing time was 4 hours, 21 minutes and 32 seconds.

Major events:
 Turn
    1: IceCreamJones the neutral female human Tourist entered the dungeon
  822: entered the Gnomish Mines
 1052: attained the rank of Sightseer (level 3)
 2303: was bestowed with Trollsbane by The Lady
 4258: attained the rank of Excursionist (level 6)
 7267: was bestowed with Giantslayer by The Lady
 8142: entered Sokoban
11219: reached Mine Town
12460: was bestowed with Dragonbane by The Lady
13422: completed 2nd Sokoban level
13809: completed 3rd Sokoban level
14341: completed 4th Sokoban level
14374: attained the rank of Peregrinatrix (level 10)
14872: acquired the Sokoban bag of holding
16971: was bestowed with Vorpal Blade by The Lady
17539: killed by a pony, while frozen by a floating eye's gaze

Spells:
 Name                 Level Category     Fail Retention
 light                  1   divination   100%  76%-100%

Skills:
 Fighting Skills
   bare handed combat [Unskilled]
   two weapon combat  [Unskilled]
   riding             [Unskilled]
 Weapon Skills
   dagger             [Unskilled]
   knife              [Unskilled]
   axe                [Unskilled]
   pick-axe           [Unskilled]
   short sword        [Unskilled]
   broadsword         [Unskilled]
   long sword         [Basic]
   two-handed sword   [Unskilled]
   saber              [Unskilled]
   mace               [Unskilled]
   morning star       [Unskilled]
   flail              [Unskilled]
   hammer             [Unskilled]
   quarterstaff       [Unskilled]
   polearms           [Unskilled]
   spear              [Unskilled]
   trident            [Unskilled]
   lance              [Unskilled]
   bow                [Unskilled]
   sling              [Unskilled]
   crossbow           [Unskilled]
   dart               [Skilled]
   shuriken           [Unskilled]
   boomerang          [Unskilled]
   whip               [Unskilled]
   unicorn horn       [Unskilled]
 Spellcasting Skills
   divination spells  [Unskilled]
   enchantment spells [Unskilled]
   escape spells      [Unskilled]

Voluntary challenges:
 Character rerolling was not enabled.
 You never genocided any monsters.
 You never polymorphed an object.
 You never changed form.
 You used no wishes.
 You violated the special Sokoban rules once.
Achievements:
 You entered a shop.
 You entered the Gnomish Mines.
 You attained the rank of Sightseer.
 You attained the rank of Excursionist.
 You entered Sokoban.
 You entered Minetown.
 You entered a temple.
 You attained the rank of Peregrinatrix.
 You completed Sokoban.

 The Dungeons of Doom: levels 1 to 10
    Level 1:
       A fountain.
    Level 2:
       An armor shop.
       Stairs down to The Gnomish Mines.
    Level 3: <- You were here.
       A general store, an altar to The Lady.
       Final resting place for
          you, killed by a pony, while frozen by a floating eye's gaze.
    Level 4:
       Some altars.
    Level 5:
       An altar to The Lady, a fountain.
    Level 6:
    Level 7:
    Level 8:
       Many fountains.
       Oracle of Delphi.
    Level 9:
       A sink.
       Stairs up to Sokoban, level 8.
    Level 10:
 The Gnomish Mines: levels 3 to 5
    Level 3:
    Level 4:
    Level 5:
       Many shops, a temple and an altar, many fountains.
 Sokoban: levels 8 up to 5
    Level 5:
       Solved.
    Level 6:
       Solved.
    Level 7:
       Solved.
    Level 8:
       Unsolved.


Vanquished creatures:
  a displacer beast
  2 giant mimics
  a long worm
  a zruty
  a doppelganger
  a large mimic
  a wumpus
  a stalker
  a black naga
  a giant zombie
 an elf-noble
  a sergeant
  a warg
  2 small mimics
  a glass piercer
  a quantum mechanic
  4 trolls
  a flaming sphere
  a shocking sphere
  2 tengu
 an ochre jelly
  a human mummy
  a red naga
  a pit viper
  2 wraiths
  a watchman
  3 giant beetles
  a cockatrice
 16 leprechauns
 an iron piercer
  a scorpion
  a horse
  a baby long worm
  a gnome ruler
 an orc mummy
  2 dwarf mummies
  a brown pudding
  2 owlbears
  2 yetis
  a gold golem
  a werewolf
  3 Green-elves
  4 lizards
  a dingo
  3 jaguars
  2 dwarf leaders
  2 blue jellies
  3 white unicorns
  a black unicorn
  2 dust vortices
  3 ravens
  2 snakes
  5 apes
  2 human zombies
  a rope golem
  4 soldier ants
  3 fire ants
  a bugbear
 an imp
  4 quasits
  2 wood nymphs
  2 water nymphs
  3 mountain nymphs
  8 Mordor orcs
  2 Uruk-hai
  3 rock piercers
  2 rock moles
  2 ponies
  2 fog clouds
  4 yellow lights
  4 shriekers
  9 gnome leaders
  4 gnomish wizards
  2 gray oozes
  2 ghouls
  2 straw golems
  a paper golem
  a giant ant
  2 little dogs
  8 floating eyes
  a kitten
  7 dwarves
  4 homunculi
  3 kobold leaders
 23 hill orcs
 11 rothes
  3 rabid rats
  2 centipedes
  2 giant bats
  a monkey
  2 orc zombies
  2 wererats
  3 werejackals
  7 iguanas
 12 killer bees
  a coyote
  2 gas spores
  3 hobbits
  4 manes
  a large kobold
  6 hobgoblins
  2 giant rats
  9 cave spiders
  2 brown molds
  2 yellow molds
  3 green molds
  4 red molds
 21 gnomes
  3 garter snakes
  3 gnome zombies
 13 geckos
 11 jackals
  2 foxes
  4 kobolds
  6 goblins
  4 sewer rats
 16 grid bugs
  2 bats
 14 lichens
  a kobold zombie
 12 newts
414 creatures vanquished.

No species were genocided or became extinct.

Game over:
                       ----------
                      /          \
                     /    REST    \
                    /      IN      \
                   /     PEACE      \
                  /                  \
                  |  IceCreamJones   |
                  |      191 Au      |
                  | killed by a pony |
                  |                  |
                  |                  |
                  |                  |
                  |       2026       |
                 *|     *  *  *      | *
        _________)/\\_//(\/(/\)/\//\/|_)_______

Aloha IceCreamJones the Tourist...

You died in The Dungeons of Doom on dungeon level 3 with 34320 points,
and 191 pieces of gold, after 17539 moves.
You were level 10 with a maximum of 93 hit points when you died.

